 Dungeon Crawl Stone Soup version 0.29.1-15-g9cfb28693d (webtiles) character file.

Game seed: 5462252312962573219

252 growler the Insei (level 6, 0/64 HPs)
             Began as a Merfolk Transmuter on Mar 21, 2023.
             Slain by an iguana (6 damage)
             ... on level 4 of the Dungeon.
             The game lasted 00:07:58 (4090 turns).

growler the Insei (Merfolk Transmuter)              Turns: 4090, Time: 00:07:59

Health: 0/64       AC: 23    Str: 11    XL:     6   Next: 14%
Magic:  9/10       EV:  2    Int: 14    God:
Gold:   139        SH:  0    Dex: 14    Spells: 1/11 levels left

rFire   . . .      SeeInvis .     - Unarmed
rCold   . . .      Faith    .   (no shield)
rNeg    . . .      Spirit   .   (body armour currently unavailable)
rPois   +          Reflect  .   (helmet currently unavailable)
rElec   .          Harm     .   (cloak currently unavailable)
rCorr   .          Rampage  .   (gloves currently unavailable)
Will    .....      NoTele   +   (boots currently unavailable)
Stlth   +.........              (no amulet)
HPRegen 0.20/turn               (no ring)
MPRegen 0.12/turn               (no ring)

@: tree-form
A: stationary, stasis, torment immunity, boosted hp, (nimble swimmer 2),
(mertail)
a: no special abilities


You were on level 4 of the Dungeon.
You were a tree.
You visited 1 branch of the dungeon, and saw 4 of its levels.

You collected 139 gold pieces.

Inventory:

Armour
 a - a +0 robe (melded)
 o - a +1 cloak (melded)
Jewellery
 g - a ring of flight
 j - a +6 ring of strength
Scrolls
 c - 2 scrolls of enchant weapon {unknown}
 h - a scroll of butterflies {unknown}
 i - a scroll of enchant armour {unknown}
 l - a scroll of identify {unknown}
 m - a scroll of fear {unknown}
 p - a scroll of immolation {unknown}
Potions
 b - a potion of lignification
 d - a potion of curing {unknown}
 e - a potion of attraction {unknown}
 f - a potion of mutation {unknown}
 k - 2 potions of berserk rage {unknown}
 n - a potion of heal wounds {unknown}
 q - a potion of brilliance {unknown}


   Skills:
 - Level 1.1 Fighting
 - Level 2.6 Dodging
 + Level 6.3 Unarmed Combat
 - Level 3.0 Spellcasting
 - Level 4.0 Transmutations


You had one spell level left.
You knew the following spells:

 Your Spells              Type           Power      Damage    Failure   Level
a - Beastly Appendage     Tmut           26%        N/A       4%          1
b - Wereblood             Tmut           13%        N/A       6%          2
c - Spider Form           Tmut/Pois      7%         N/A       28%         3
d - Ice Form              Ice/Tmut       7%         N/A       67%         4

Your spell library contained the following spells:

 Spells                   Type           Power      Damage    Failure   Level


Dungeon Overview and Level Annotations

Branches:
Dungeon (4/15)
 Temple: D:4-7

Altars:


Innate Abilities, Weirdness & Mutations

You are a tree.
Your roots penetrate the ground, keeping you stationary.
You cannot be teleported.
You are immune to unholy pain and torment.
Your maximum health is greatly increased.
Your equipment is partially melded.
((You are very nimble when in or above water. (Stealth+, EV+, Speed+++)))
((Your lower body shifts to a powerful aquatic tail in water.))


Message History

You smack the scorpion!
You kill the scorpion!
You feel sick.
Your Unarmed Combat skill increases to level 6!
You have reached level 6!
You start resting.
You feel sick. x5
You are no longer poisoned.
You start resting.
Your transformation is almost over.
You feel less wooden.
Your +1 cloak unmelds from your body.
Your +0 robe unmelds from your body.
An iguana comes into view.
The iguana hisses angrily.
The iguana hisses menacingly.
There is a stone staircase leading up here.
You climb upwards.
There is a stone staircase leading down here.
You start resting.
HP restored.
Casting: Beastly Appendage (safe; 4% risk of failure)
Confirm with . or Enter, or press ? or * to list all spells.
You grow a pair of large bovine horns.
You climb downwards.
The iguana bites you! x2
There is a stone staircase leading up here.
You hit the iguana.
The iguana is lightly wounded.
You hit the iguana. You headbutt the iguana.
The iguana is heavily wounded.
The iguana bites you!
You hit the iguana.
The iguana is heavily wounded.
The iguana bites you!
* * * LOW HITPOINT WARNING * * *
Unknown command.
Really quaff the potion of lignification?
Your horns disappear.
You turn into a tree.
Your +1 cloak melds into your body.
Your +0 robe melds into your body.
Your roots penetrate the ground.
The iguana bites you.
You die...

.........#..# #.#
.##......(#.###.###
.####.........[... ##
#..##.....#.## .
.####............# ...
.......##........##.....
.###...##..#............
.#.....##..#.†#l.##.....
................♣.......
.#..............?##.....
......#....#...(... ....
##.........#........ ...
......####.....###
##...... ##....# ......
#..... ...... #....#
#.....


You could see an iguana.

Vanquished Creatures
  A centaur (D:3)
  A scorpion (D:4)
  3 adders
  3 dart slugs
  3 worms
  An orc (D:3)
  6 ball pythons
  6 endoplasms
  2 giant cockroaches
  8 goblins
  5 hobgoblins
  6 jackals
  3 quokkas
  7 bats
  2 frilled lizards (D:2)
  9 kobolds
  2 rats
68 creatures vanquished.

Notes
Turn   | Place    | Note
-------+----------+-------------------------------------------
     0 | D:1      | growler the Merfolk Transmuter began the quest for the Orb.
     0 | D:1      | Reached XP level 1. HP: 15/15 MP: 3/3
   345 | D:1      | Reached XP level 2. HP: 21/21 MP: 3/5
   352 | D:1      | Learned a level 2 spell: Wereblood
   666 | D:1      | Reached XP level 3. HP: 26/26 MP: 3/6
   670 | D:1      | Learned a level 3 spell: Spider Form
   743 | D:1      | Found a faded altar of an unknown god.
  1391 | D:2      | Reached skill level 4 in Unarmed Combat
  1859 | D:2      | Reached XP level 4. HP: 28/32 MP: 6/8
  2704 | D:3      | Noticed a centaur
  2933 | D:3      | Killed a centaur
  2934 | D:3      | Reached skill level 5 in Unarmed Combat
  2934 | D:3      | Reached XP level 5. HP: 9/37 MP: 5/9
  3173 | D:3      | Learned a level 4 spell: Ice Form
  3858 | D:4      | Reached skill level 6 in Unarmed Combat
  3858 | D:4      | Reached XP level 6. HP: 22/43 MP: 10/10
  4090 | D:4      | Slain by an iguana

Illustrated notes

Levels and vault maps discovered:
D:1:      dpeg_arrival_arbitrary_c, layout_rooms,
          chequers_ecumenical_altar_simple_redux
D:2:      layout_basic
D:3:      layout_rooms
D:4:      layout_rooms, zin_statuary, serial_shops, shop,
          minmay_hollow_rounded_squares

Skill      XL: |  1  2  3  4  5 |
---------------+----------------+-----
Transmutations | 3 4 |  4.0
Unarmed Combat | 4 5 6 |  6.3
Spellcasting   | 3 |  3.0
Fighting       | |  1.1
Dodging        | |  2.6

Action                   |  1- 3 |  4- 6 || total
-------------------------+-------+-------++-------
Melee: Unarmed           |   125 |   101 ||   226
       Headbutt          |    11 |    18 ||    29
       Punch             |     1 |     4 ||     5
 Cast: Beastly Appendage |    16 |    21 ||    37
       Wereblood         |     1 |       ||     1
       Spider Form       |       |     1 ||     1
  Use: Potion            |     1 |     2 ||     3
Armor: Robe              |    29 |     8 ||    37
       Skin              |    15 |     4 ||    19
Dodge: Dodged            |    75 |    47 ||   122
